Stars vs Wilds

Created - 7 janvier 2022 at 16:30

Goals
1 2 3 OT1 SO T
Stars 0 1 3 0 0 4
Wilds 4 0 0 0 1 5
Shots
1 2 3 OT1 SO T
Stars 7 16 13 6 3 42
Wilds 11 5 11 2 2 29

GoalsPenalties
1st period
1. Wilds , Drake Batherson 13 (Jason Zucker 18, Nick Leddy 16) at 0:23
2. Wilds , Valtteri Filppula 2 (Anthony Angello 3, Shayne Gostisbehere 16) at 4:46
3. Wilds , Charles Hudon 2 (Nico Sturm 6, Luca Sbisa 14) at 5:08
4. Wilds , Brandon Sutter 11 (Jason Zucker 19, Drake Batherson 12) at 14:47 (PP)
Ethan Bear (MIN) for Interference (Minor) at 5:45
Charles Hudon (MIN) for Slashing (Minor) at 8:48
Andrei Svechnikov (DAL) for Tripping (Minor) at 11:48
Tucker Poolman (DAL) for Elbowing (Minor) at 14:22
Oskar Lindblom (DAL) for Tripping (Minor) at 18:25
2nd period
5. Stars , Deryk Engelland 5 (Denis Gurianov 15, Andrei Svechnikov 19) at 6:16 (PP)
Ethan Bear (MIN) for Hooking (Minor) at 4:49
Deryk Engelland (DAL) for Roughing (Minor) at 19:15
3rd period
6. Stars , Warren Foegele 5 (Andrei Svechnikov 20, Elias Pettersson 16) at 1:17
7. Stars , Martin Necas 12 (Dylan Larkin 13, Ryan Suter 13) at 10:14
8. Stars , Alexander Edler 5 (Ryan Suter 14, Elias Pettersson 17) at 11:38 (PP)
Jordie Benn (MIN) for Holding (Minor) at 4:16
Luca Sbisa (MIN) for Holding (Minor) at 10:58
Denis Gurianov (DAL) for Holding (Minor) at 14:32
Overtime #1
No Goal
Shootout
Stars, Elias Pettersson - Stopped by Devan Dubnyk
Wilds, Drake Batherson - Goal!
Stars, Andrei Svechnikov - Stopped by Devan Dubnyk
Wilds, Jason Zucker - Stopped by Martin Jones
Stars, Denis Gurianov - Shot Misses the Net
Goalie Stats
Martin Jones (DAL), 22 saves from 22 shots - (1,000), OTL, 9-17-2, 50:13 minutes
Jake Oettinger (DAL), 3 saves from 7 shots - (0,429), 14:47 minutes
Devan Dubnyk (MIN), 38 saves from 42 shots - (0,905), W, 11-11-3, 65:00 minutes
3 StarsOfficial
1 - Martin Jones (DAL)
2 - Drake Batherson (MIN)
3 - Jason Zucker (MIN)
Referees : Chris Lee and Francois StLaurent
Linesman : Thor Nelson and Derek Amell
Game Note
Martin Jones enters game at 14:47 of 1st period



Team Name Goals Shots Shots Attemp Shots Blocked PIM HIT PP PK FO%
Stars 44274810222 / 5 (40%)155%
Wilds 52961910221 / 5 (20%)245%

Stars
Player Name POS G A P +/- PIM HIT SHT SB MP PP MP PP SHT PK MP PK SHT FO% FOT
Alexander EdlerD101-1041425:504:0114:1500% 0
Andreas AthanasiouC0000000110:570:0000:00055% 11
Andrei SvechnikovLW/RW022-1224022:133:4323:1300% 2
Denis GurianovLW/RW011-1212020:373:4302:57042% 12
Deryk EngellandD1010254021:594:0333:1000% 0
Dylan LarkinC0110003017:384:2110:00074% 23
Elias PetterssonC022-1007024:593:4314:22054% 37
Frans NielsenC000000006:250:0000:0000% 0
Jason RobertsonLW0000003017:204:2102:02020% 5
Jordan GreenwayLW/RW0000034018:100:0004:08033% 3
Martin NecasC/RW1010012019:314:2100:0000% 1
Mikko KoivuC000000006:250:0000:00080% 5
Oskar LindblomLW/RW000021306:240:0000:0000% 0
Ron HainseyD0000010014:070:0000:3100% 0
Ryan SuterD022-1005124:384:0134:4000% 0
Travis HamonicD0000013124:494:0324:0600% 0
Tucker PoolmanD0000200113:350:0000:0000% 0
Warren FoegeleLW/RW1010031010:570:0000:0000% 0
Wilds
Player Name POS G A P +/- PIM HIT SHT SB MP PP MP PP SHT PK MP PK SHT FO% FOT
Adam ErneLW000-1010011:390:0000:0000% 0
Anthony AngelloC011002108:250:0000:00050% 2
Bobby RyanRW0001002015:413:4910:000100% 1
Brandon SutterC/RW1011003023:054:3234:20050% 24
Charles HudonLW/RW1011202012:230:0001:18050% 2
Drake BathersonRW1121043019:324:3200:00030% 10
Ethan BearD0000430220:010:0001:3900% 0
Jason ZuckerLW/RW0221011019:324:3200:0000% 2
Jesper FastRW000-1002117:540:0005:38050% 2
Jordan KyrouC/LW/RW000-1005017:073:4910:00037% 19
Jordie BennD0000231115:100:0003:3600% 0
Kevin ShattenkirkD0000031218:186:1710:2600% 0
Luca SbisaD0110220228:292:0404:0700% 0
Nick LeddyD0111003021:592:0414:4000% 0
Nico SturmC/LW0111011017:213:4902:26052% 25
Rasmus AsplundC/LW/RW000000108:250:0000:000100% 2
Shayne GostisbehereD0111012120:596:1721:4000% 0
Valtteri FilppulaC1010011010:510:0002:26040% 10

Stars

5 vs 5 Forward
Line #Left WingCenterRight WingPHYDFOFWanted %Time %Time Play
1Andrei SvechnikovElias PetterssonDenis Gurianov0053030%12:56
2Jordan GreenwayDylan LarkinMartin Necas0053030%13:17
3Jason RobertsonAndreas AthanasiouWarren Foegele1222425%10:57
4Oskar LindblomMikko KoivuFrans Nielsen1401615%6:25
5 vs 5 Defense
Line #DefenseDefensePHYDFOFWanted %Time %Time Play
1Alexander EdlerRyan Suter1223025%11:00
2Travis HamonicDeryk Engelland1223034%14:47
3Ron HainseyTucker Poolman1222431%13:36
4Alexander EdlerRyan Suter1221610%4:12
Power Play Forward
Line #Left WingCenterRight WingPHYDFOFWanted %Time %Time Play
1Andrei SvechnikovElias PetterssonDenis Gurianov1225046%3:43
2Jason RobertsonDylan LarkinMartin Necas1225054%4:21
Power Play Defense
Line #DefenseDefensePHYDFOFWanted %Time %Time Play
1Alexander EdlerRyan Suter1225050%4:01
2Travis HamonicDeryk Engelland1225050%4:03
Penalty Kill 4 Players Forward
Line #CenterWingPHYDFOFWanted %Time %Time Play
1Elias PetterssonAndrei Svechnikov1225052%4:22
2Denis GurianovJordan Greenway1225048%3:59
Penalty Kill 4 Players Defense
Line #DefenseDefensePHYDFOFWanted %Time %Time Play
1Alexander EdlerRyan Suter1225051%4:15
2Travis HamonicDeryk Engelland1225049%4:06
Penalty Kill 3 Players
Line #WingPHYDFOFWanted %Time %Time PlayDefenseDefensePHYDFOFWanted %Time %Time Play
1Elias Pettersson122500%0:00 Alexander EdlerRyan Suter122500%0:00
2Andrei Svechnikov122500%0:00 Travis HamonicDeryk Engelland122500%0:00
4 vs 4 Forward
Line #CenterWingPHYDFOFWanted %Time %Time Play
1Elias PetterssonAndrei Svechnikov122500%0:00
2Denis GurianovJordan Greenway122500%0:00
4 vs 4 Defense
Line #DefensePHYDFOFWanted %Time %Time Play
1Alexander EdlerRyan Suter122500%0:00
2Travis HamonicDeryk Engelland122500%0:00
Last Minutes Offensive
Left WingCenterRight WingDefenseDefense
Andrei SvechnikovElias PetterssonDenis GurianovAlexander EdlerRyan Suter
Last Minutes Defensive
Left WingCenterRight WingDefenseDefense
Andrei SvechnikovElias PetterssonDenis GurianovAlexander EdlerRyan Suter
Time
Total ForwardTotal DefenseLast Minutes OffensiveLast Minutes Defensive
60:00 60:00 0:000:00
Extra Forwards
Normal PowerPlayPenalty Kill
Andrei Svechnikov, Frans Nielsen, Jason RobertsonElias Pettersson, Frans NielsenJason Robertson
Extra Defensemen
Normal PowerPlayPenalty Kill
Ron Hainsey, Alexander Edler, Travis HamonicRon Hainsey, Ryan SuterTravis Hamonic
Penalty Shots
Elias Pettersson, Andrei Svechnikov, Denis Gurianov, Jordan Greenway, Martin Necas
Goalie
Jake Oettinger, Martin Jones
Custom OT Lines Forwards
Elias Pettersson, Andrei Svechnikov, Denis Gurianov, Jordan Greenway, Martin Necas, Jason Robertson, Andreas Athanasiou, Oskar Lindblom, Mikko Koivu, Frans Nielsen
Custom OT Lines Defensemen
Alexander Edler, Ryan Suter, Travis Hamonic, Deryk Engelland, Ron Hainsey
Scratches
Dominik Simon (Healthy), Brogan Rafferty (Healthy), Scott Harrington (Healthy)

Wilds

5 vs 5 Forward
Line #Left WingCenterRight WingPHYDFOFWanted %Time %Time Play
1Jason ZuckerBrandon SutterDrake Batherson1222928%12:25
2Adam ErneJordan KyrouJesper Fast1222727%11:39
3Charles HudonNico SturmBobby Ryan1222425%11:06
4Rasmus AsplundValtteri FilppulaAnthony Angello1222019%8:25
5 vs 5 Defense
Line #DefenseDefensePHYDFOFWanted %Time %Time Play
1Luca SbisaNick Leddy1223029%12:49
2Shayne GostisbehereEthan Bear1222828%12:16
3Jordie BennKevin Shattenkirk1222427%11:35
4Luca SbisaEthan Bear1221816%6:55
Power Play Forward
Line #Left WingCenterRight WingPHYDFOFWanted %Time %Time Play
1Jason ZuckerBrandon SutterDrake Batherson1135554%4:32
2Jordan KyrouNico SturmBobby Ryan1134546%3:49
Power Play Defense
Line #DefenseDefensePHYDFOFWanted %Time %Time Play
1Shayne GostisbehereKevin Shattenkirk0235875%6:17
2Luca SbisaNick Leddy0234225%2:04
Penalty Kill 4 Players Forward
Line #CenterWingPHYDFOFWanted %Time %Time Play
1Brandon SutterJesper Fast1315870%5:38
2Valtteri FilppulaNico Sturm1314230%2:26
Penalty Kill 4 Players Defense
Line #DefenseDefensePHYDFOFWanted %Time %Time Play
1Luca SbisaJordie Benn2215561%4:57
2Ethan BearNick Leddy2214539%3:07
Penalty Kill 3 Players
Line #WingPHYDFOFWanted %Time %Time PlayDefenseDefensePHYDFOFWanted %Time %Time Play
1Brandon Sutter140520%0:00 Jordie BennEthan Bear230540%0:00
2Valtteri Filppula140480%0:00 Luca SbisaKevin Shattenkirk230460%0:00
4 vs 4 Forward
Line #CenterWingPHYDFOFWanted %Time %Time Play
1Brandon SutterDrake Batherson122500%0:00
2Jordan KyrouJason Zucker122500%0:00
4 vs 4 Defense
Line #DefensePHYDFOFWanted %Time %Time Play
1Luca SbisaShayne Gostisbehere122530%0:00
2Ethan BearKevin Shattenkirk122470%0:00
Last Minutes Offensive
Left WingCenterRight WingDefenseDefense
Bobby RyanJordan KyrouDrake BathersonKevin ShattenkirkShayne Gostisbehere
Last Minutes Defensive
Left WingCenterRight WingDefenseDefense
Jesper FastBrandon SutterValtteri FilppulaJordie BennEthan Bear
Time
Total ForwardTotal DefenseLast Minutes OffensiveLast Minutes Defensive
60:00 60:00 0:000:00
Extra Forwards
Normal PowerPlayPenalty Kill
Jesper Fast, Nico Sturm, Drake BathersonJesper Fast, Charles HudonCharles Hudon
Extra Defensemen
Normal PowerPlayPenalty Kill
Jordie Benn, Kevin Shattenkirk, Shayne GostisbehereEthan Bear, Shayne GostisbehereJordie Benn
Penalty Shots
Drake Batherson, Jason Zucker, Brandon Sutter, Jordan Kyrou, Bobby Ryan
Goalie
Devan Dubnyk, Carter Hutton
Custom OT Lines Forwards
Drake Batherson, Jason Zucker, Brandon Sutter, Jordan Kyrou, Jesper Fast, Bobby Ryan, Nico Sturm, Charles Hudon, Adam Erne, Valtteri Filppula
Custom OT Lines Defensemen
Luca Sbisa, Nick Leddy, Shayne Gostisbehere, Kevin Shattenkirk, Ethan Bear
Scratches
Oliver Kylington (Healthy), Mike Green (Healthy), Josh Leivo (Healthy)


Play-by-Play

1st period


0:01 of 1st period - Brandon Sutter wins face-off versus Elias Pettersson in neutral zone.
0:21 of 1st period - Jason Zucker is hit by Alexander Edler.
0:23 of 1st period - Shot by Drake Batherson.
0:23 of 1st period - Goal by Drake Batherson - Stars : 0 - Wilds : 1.
0:24 of 1st period - Dylan Larkin wins face-off versus Jordan Kyrou in neutral zone.
0:29 of 1st period - Adam Erne is hit by Jordan Greenway and loses puck.
1:10 of 1st period - Deryk Engelland is hit by Adam Erne and loses puck.
2:22 of 1st period - Shot by Rasmus Asplund.
2:22 of 1st period - Stopped by Jake Oettinger with a rebound.
2:24 of 1st period - Shot by Luca Sbisa.
2:24 of 1st period - Shot Misses the Net.
2:32 of 1st period - Shot by Nick Leddy.
2:32 of 1st period - Stopped by Jake Oettinger without a rebound.
2:33 of 1st period - Mikko Koivu wins face-off versus Brandon Sutter in Stars zone.
2:33 of 1st period - Mikko Koivu is hit by Drake Batherson.
2:52 of 1st period - Shot by Drake Batherson.
2:52 of 1st period - Shot Misses the Net.
2:54 of 1st period - Shot by Jason Zucker.
2:54 of 1st period - Shot Misses the Net.
2:56 of 1st period - Shot by Drake Batherson.
2:56 of 1st period - Shot Misses the Net.
2:58 of 1st period - Shot by Luca Sbisa.
2:58 of 1st period - Shot Misses the Net.
3:00 of 1st period - Shot by Brandon Sutter.
3:00 of 1st period - Shot Blocked by Alexander Edler.
4:16 of 1st period - Shot by Denis Gurianov.
4:16 of 1st period - Shot Misses the Net.
4:46 of 1st period - Shot by Valtteri Filppula.
4:46 of 1st period - Goal by Valtteri Filppula - Stars : 0 - Wilds : 2.
4:47 of 1st period - Nico Sturm wins face-off versus Andreas Athanasiou in neutral zone.
4:54 of 1st period - Shot by Nico Sturm.
4:54 of 1st period - Deflect By Charles Hudon.
4:54 of 1st period - Shot Misses the Net.
5:08 of 1st period - Shot by Charles Hudon.
5:08 of 1st period - Goal by Charles Hudon - Stars : 0 - Wilds : 3.
5:09 of 1st period - Dylan Larkin wins face-off versus Brandon Sutter in neutral zone.
5:26 of 1st period - Shot by Shayne Gostisbehere.
5:26 of 1st period - Shot Blocked by Tucker Poolman.
5:28 of 1st period - Shot by Jason Zucker.
5:28 of 1st period - Shot Misses the Net.
5:45 of 1st period - Minor Penalty to Ethan Bear for Interference.
5:46 of 1st period - Brandon Sutter wins face-off versus Elias Pettersson in Wilds zone.
6:14 of 1st period - Shot by Ryan Suter.
6:14 of 1st period - Shot Misses the Net.
6:16 of 1st period - Shot by Andrei Svechnikov.
6:16 of 1st period - Stopped by Devan Dubnyk without a rebound.
6:17 of 1st period - Dylan Larkin wins face-off versus Brandon Sutter in Wilds zone.
7:26 of 1st period - Jordie Benn is hit by Andrei Svechnikov and loses puck.
7:36 of 1st period - Shot by Ryan Suter.
7:36 of 1st period - Stopped by Devan Dubnyk without a rebound.
7:37 of 1st period - Valtteri Filppula wins face-off versus Elias Pettersson in Wilds zone.
7:43 of 1st period - Icing by Andrei Svechnikov.
7:44 of 1st period - Elias Pettersson wins face-off versus Valtteri Filppula in Stars zone.
8:48 of 1st period - Minor Penalty to Charles Hudon for Slashing.
8:49 of 1st period - Dylan Larkin wins face-off versus Brandon Sutter in Wilds zone.
9:14 of 1st period - Shot by Deryk Engelland.
9:14 of 1st period - Stopped by Devan Dubnyk with a rebound.
9:16 of 1st period - Shot by Travis Hamonic.
9:16 of 1st period - Stopped by Devan Dubnyk without a rebound.
9:17 of 1st period - Brandon Sutter wins face-off versus Elias Pettersson in Wilds zone.
9:48 of 1st period - Shot by Elias Pettersson.
9:48 of 1st period - Shot Misses the Net.
9:50 of 1st period - Shot by Alexander Edler.
9:50 of 1st period - Shot Blocked by Ethan Bear.
9:52 of 1st period - Shot by Alexander Edler.
9:52 of 1st period - Shot Misses the Net.
9:56 of 1st period - Shot by Elias Pettersson.
9:56 of 1st period - Shot Misses the Net.
9:58 of 1st period - Shot by Ryan Suter.
9:58 of 1st period - Stopped by Devan Dubnyk without a rebound.
9:59 of 1st period - Dylan Larkin wins face-off versus Brandon Sutter in Wilds zone.
10:31 of 1st period - Shot by Deryk Engelland.
10:31 of 1st period - Shot Misses the Net.
10:33 of 1st period - Shot by Dylan Larkin.
10:33 of 1st period - Stopped by Devan Dubnyk with a rebound.
10:37 of 1st period - Shot by Jason Robertson.
10:37 of 1st period - Shot Blocked by Ethan Bear.
11:01 of 1st period - Shot by Ron Hainsey.
11:01 of 1st period - Shot Misses the Net.
11:48 of 1st period - Minor Penalty to Andrei Svechnikov for Tripping.
11:49 of 1st period - Jason Robertson wins face-off versus Brandon Sutter in Stars zone.
12:18 of 1st period - Shot by Brandon Sutter.
12:18 of 1st period - Shot Misses the Net.
12:20 of 1st period - Shot by Brandon Sutter.
12:20 of 1st period - Stopped by Jake Oettinger without a rebound.
12:21 of 1st period - Nico Sturm wins face-off versus Denis Gurianov in Stars zone.
12:24 of 1st period - Shot by Shayne Gostisbehere.
12:24 of 1st period - Shot Blocked by Ryan Suter.
13:51 of 1st period - Jason Zucker is hit by Ron Hainsey.
14:01 of 1st period - Shot by Valtteri Filppula.
14:01 of 1st period - Shot Misses the Net.
14:07 of 1st period - Shot by Valtteri Filppula.
14:07 of 1st period - Shot Misses the Net.
14:22 of 1st period - Minor Penalty to Tucker Poolman for Elbowing.
14:23 of 1st period - Denis Gurianov wins face-off versus Brandon Sutter in Stars zone.
14:23 of 1st period - Denis Gurianov is hit by Jason Zucker.
14:47 of 1st period - Shot by Brandon Sutter.
14:47 of 1st period - Goal by Brandon Sutter - Stars : 0 - Wilds : 4.
14:47 of 1st period - Martin Jones enters game.
14:48 of 1st period - Jordan Kyrou wins face-off versus Dylan Larkin in neutral zone.
14:48 of 1st period - Jesper Fast is hit by Martin Necas and loses puck.
15:47 of 1st period - Shot by Jordie Benn.
15:47 of 1st period - Stopped by Martin Jones with a rebound.
16:06 of 1st period - Jordie Benn is hit by Alexander Edler and loses puck.
17:40 of 1st period - Nick Leddy is hit by Warren Foegele and loses puck.
18:03 of 1st period - Shot by Martin Necas.
18:03 of 1st period - Shot Misses the Net.
18:05 of 1st period - Shot by Deryk Engelland.
18:05 of 1st period - Shot Misses the Net.
18:07 of 1st period - Shot by Martin Necas.
18:07 of 1st period - Stopped by Devan Dubnyk without a rebound.
18:08 of 1st period - Jordan Kyrou wins face-off versus Mikko Koivu in Wilds zone.
18:08 of 1st period - Jordan Kyrou is hit by Oskar Lindblom.
18:17 of 1st period - Ethan Bear is hit by Alexander Edler and loses puck.
18:25 of 1st period - Minor Penalty to Oskar Lindblom for Tripping.
18:26 of 1st period - Denis Gurianov wins face-off versus Nico Sturm in Stars zone.
18:26 of 1st period - Denis Gurianov is hit by Nico Sturm.
18:33 of 1st period - Icing by Bobby Ryan.
18:34 of 1st period - Nico Sturm wins face-off versus Denis Gurianov in Wilds zone.
18:42 of 1st period - Icing by Kevin Shattenkirk.
18:43 of 1st period - Nico Sturm wins face-off versus Denis Gurianov in Wilds zone.
19:02 of 1st period - Shot by Bobby Ryan.
19:02 of 1st period - Stopped by Martin Jones without a rebound.
19:03 of 1st period - Nico Sturm wins face-off versus Denis Gurianov in Stars zone.
19:12 of 1st period - Shot by Kevin Shattenkirk.
19:12 of 1st period - Stopped by Martin Jones without a rebound.
19:13 of 1st period - Denis Gurianov wins face-off versus Brandon Sutter in Stars zone.
19:13 of 1st period - Alexander Edler is hit by Drake Batherson.
19:43 of 1st period - Shot by Brandon Sutter.
19:43 of 1st period - Stopped by Martin Jones without a rebound.
19:44 of 1st period - Denis Gurianov wins face-off versus Nico Sturm in Stars zone.
Goals for this period are 0 for Stars vs 4 for Wilds.
Shots for this period are 7 for Stars vs 11 for Wilds.

2nd period


0:01 of 2nd period - Brandon Sutter wins face-off versus Denis Gurianov in neutral zone.
0:04 of 2nd period - Shot by Shayne Gostisbehere.
0:04 of 2nd period - Shot Misses the Net.
0:29 of 2nd period - Shot by Jason Robertson.
0:29 of 2nd period - Stopped by Devan Dubnyk without a rebound.
0:30 of 2nd period - Jordan Kyrou wins face-off versus Andreas Athanasiou in Wilds zone.
0:49 of 2nd period - Shot by Nick Leddy.
0:49 of 2nd period - Shot Blocked by Alexander Edler.
0:51 of 2nd period - Shot by Nick Leddy.
0:51 of 2nd period - Shot Blocked by Andreas Athanasiou.
0:53 of 2nd period - Shot by Jesper Fast.
0:53 of 2nd period - Deflect By Jordan Kyrou.
0:53 of 2nd period - Stopped by Martin Jones without a rebound.
0:54 of 2nd period - Elias Pettersson wins face-off versus Jason Zucker in Stars zone.
1:01 of 2nd period - Shot by Andrei Svechnikov.
1:01 of 2nd period - Deflect By Denis Gurianov.
1:01 of 2nd period - Stopped by Devan Dubnyk with a rebound.
1:03 of 2nd period - Shot by Travis Hamonic.
1:03 of 2nd period - Shot Misses the Net.
1:12 of 2nd period - Shot by Andrei Svechnikov.
1:12 of 2nd period - Shot Misses the Net.
1:14 of 2nd period - Shot by Deryk Engelland.
1:14 of 2nd period - Stopped by Devan Dubnyk without a rebound.
1:15 of 2nd period - Dylan Larkin wins face-off versus Jordan Kyrou in Wilds zone.
1:15 of 2nd period - Martin Necas is hit by Luca Sbisa and loses puck.
2:08 of 2nd period - Icing by Luca Sbisa.
2:09 of 2nd period - Jordan Kyrou wins face-off versus Elias Pettersson in Wilds zone.
2:14 of 2nd period - Icing by Luca Sbisa.
2:15 of 2nd period - Elias Pettersson wins face-off versus Jordan Kyrou in Wilds zone.
2:16 of 2nd period - Shot by Andrei Svechnikov.
2:16 of 2nd period - Shot Misses the Net.
2:21 of 2nd period - Luca Sbisa is hit by Travis Hamonic and loses puck.
2:44 of 2nd period - Shot by Elias Pettersson.
2:44 of 2nd period - Stopped by Devan Dubnyk without a rebound.
2:45 of 2nd period - Andreas Athanasiou wins face-off versus Nico Sturm in Wilds zone.
2:51 of 2nd period - Icing by Charles Hudon.
2:52 of 2nd period - Dylan Larkin wins face-off versus Nico Sturm in Wilds zone.
3:04 of 2nd period - Icing by Ryan Suter.
3:05 of 2nd period - Jordan Greenway wins face-off versus Drake Batherson in Stars zone.
3:07 of 2nd period - Martin Necas is hit by Drake Batherson.
3:13 of 2nd period - Shot by Dylan Larkin.
3:13 of 2nd period - Shot Blocked by Shayne Gostisbehere.
3:31 of 2nd period - Shot by Dylan Larkin.
3:31 of 2nd period - Stopped by Devan Dubnyk without a rebound.
3:32 of 2nd period - Rasmus Asplund wins face-off versus Elias Pettersson in Wilds zone.
3:46 of 2nd period - Icing by Deryk Engelland.
3:47 of 2nd period - Elias Pettersson wins face-off versus Nico Sturm in Stars zone.
3:57 of 2nd period - Andrei Svechnikov is hit by Ethan Bear and loses puck.
4:34 of 2nd period - Icing by Ethan Bear.
4:35 of 2nd period - Andreas Athanasiou wins face-off versus Nico Sturm in Wilds zone.
4:49 of 2nd period - Minor Penalty to Ethan Bear for Hooking.
4:50 of 2nd period - Dylan Larkin wins face-off versus Brandon Sutter in Wilds zone.
5:24 of 2nd period - Shot by Jason Robertson.
5:24 of 2nd period - Shot Misses the Net.
5:32 of 2nd period - Shot by Ryan Suter.
5:32 of 2nd period - Stopped by Devan Dubnyk without a rebound.
5:33 of 2nd period - Elias Pettersson wins face-off versus Nico Sturm in Wilds zone.
5:33 of 2nd period - Andrei Svechnikov is hit by Shayne Gostisbehere and loses puck.
5:44 of 2nd period - Shot by Travis Hamonic.
5:44 of 2nd period - Stopped by Devan Dubnyk without a rebound.
5:45 of 2nd period - Brandon Sutter wins face-off versus Elias Pettersson in Wilds zone.
6:04 of 2nd period - Shot by Elias Pettersson.
6:04 of 2nd period - Shot Blocked by Jordie Benn.
6:10 of 2nd period - Shot by Andrei Svechnikov.
6:10 of 2nd period - Stopped by Devan Dubnyk with a rebound.
6:12 of 2nd period - Shot by Deryk Engelland.
6:12 of 2nd period - Stopped by Devan Dubnyk with a rebound.
6:14 of 2nd period - Shot by Denis Gurianov.
6:14 of 2nd period - Shot Misses the Net.
6:16 of 2nd period - Shot by Deryk Engelland.
6:16 of 2nd period - Goal by Deryk Engelland - Stars : 1 - Wilds : 4.
6:17 of 2nd period - Valtteri Filppula wins face-off versus Dylan Larkin in neutral zone.
6:43 of 2nd period - Icing by Martin Necas.
6:44 of 2nd period - Dylan Larkin wins face-off versus Nico Sturm in Stars zone.
7:09 of 2nd period - Off-side.
7:10 of 2nd period - Brandon Sutter wins face-off versus Elias Pettersson in neutral zone.
7:24 of 2nd period - Elias Pettersson is hit by Kevin Shattenkirk and loses puck.
8:00 of 2nd period - Travis Hamonic is hit by Kevin Shattenkirk and loses puck.
8:26 of 2nd period - Jesper Fast is hit by Alexander Edler and loses puck.
8:35 of 2nd period - Shot by Jordan Kyrou.
8:35 of 2nd period - Stopped by Martin Jones without a rebound.
8:36 of 2nd period - Dylan Larkin wins face-off versus Valtteri Filppula in Stars zone.
8:36 of 2nd period - Dylan Larkin is hit by Valtteri Filppula.
8:50 of 2nd period - Shot by Martin Necas.
8:50 of 2nd period - Shot Misses the Net.
9:15 of 2nd period - Shot by Jordan Greenway.
9:15 of 2nd period - Stopped by Devan Dubnyk without a rebound.
9:16 of 2nd period - Andreas Athanasiou wins face-off versus Jordan Kyrou in Wilds zone.
9:21 of 2nd period - Shot by Jason Robertson.
9:21 of 2nd period - Stopped by Devan Dubnyk without a rebound.
9:22 of 2nd period - Brandon Sutter wins face-off versus Andreas Athanasiou in Wilds zone.
9:56 of 2nd period - Brandon Sutter is hit by Warren Foegele and loses puck.
10:03 of 2nd period - Shot by Andreas Athanasiou.
10:03 of 2nd period - Shot Misses the Net.
10:05 of 2nd period - Shot by Ryan Suter.
10:05 of 2nd period - Stopped by Devan Dubnyk without a rebound.
10:06 of 2nd period - Elias Pettersson wins face-off versus Jordan Kyrou in Wilds zone.
10:37 of 2nd period - Shot by Andrei Svechnikov.
10:37 of 2nd period - Shot Misses the Net.
10:39 of 2nd period - Shot by Deryk Engelland.
10:39 of 2nd period - Shot Blocked by Jesper Fast.
10:41 of 2nd period - Shot by Travis Hamonic.
10:41 of 2nd period - Stopped by Devan Dubnyk without a rebound.
10:42 of 2nd period - Dylan Larkin wins face-off versus Nico Sturm in Wilds zone.
12:26 of 2nd period - Elias Pettersson is hit by Ethan Bear and loses puck.
12:49 of 2nd period - Icing by Deryk Engelland.
12:50 of 2nd period - Andreas Athanasiou wins face-off versus Jordan Kyrou in Stars zone.
13:23 of 2nd period - Icing by Adam Erne.
13:24 of 2nd period - Dylan Larkin wins face-off versus Jordan Kyrou in Wilds zone.
13:51 of 2nd period - Shot by Jordan Greenway.
13:51 of 2nd period - Stopped by Devan Dubnyk without a rebound.
13:52 of 2nd period - Anthony Angello wins face-off versus Elias Pettersson in Wilds zone.
13:56 of 2nd period - Off-side.
13:57 of 2nd period - Rasmus Asplund wins face-off versus Elias Pettersson in neutral zone.
14:00 of 2nd period - Alexander Edler is hit by Anthony Angello and loses puck.
14:40 of 2nd period - Shot by Rasmus Asplund.
14:40 of 2nd period - Shot Misses the Net.
15:39 of 2nd period - Shot by Nico Sturm.
15:39 of 2nd period - Stopped by Martin Jones with a rebound.
16:42 of 2nd period - Shot by Martin Necas.
16:42 of 2nd period - Shot Blocked by Kevin Shattenkirk.
16:58 of 2nd period - Shot by Jordan Kyrou.
16:58 of 2nd period - Stopped by Martin Jones without a rebound.
16:59 of 2nd period - Elias Pettersson wins face-off versus Anthony Angello in Stars zone.
17:41 of 2nd period - Shot by Denis Gurianov.
17:41 of 2nd period - Stopped by Devan Dubnyk with a rebound.
18:14 of 2nd period - Icing by Ron Hainsey.
18:15 of 2nd period - Mikko Koivu wins face-off versus Jordan Kyrou in Stars zone.
18:25 of 2nd period - Shot by Jesper Fast.
18:25 of 2nd period - Stopped by Martin Jones with a rebound.
18:54 of 2nd period - Off-side.
18:55 of 2nd period - Brandon Sutter wins face-off versus Dylan Larkin in neutral zone.
18:57 of 2nd period - Jason Zucker is hit by Deryk Engelland and loses puck.
19:04 of 2nd period - Shot by Drake Batherson.
19:04 of 2nd period - Shot Blocked by Travis Hamonic.
19:15 of 2nd period - Minor Penalty to Deryk Engelland for Roughing.
19:16 of 2nd period - Nico Sturm wins face-off versus Elias Pettersson in Stars zone.
Goals for this period are 1 for Stars vs 0 for Wilds.
Shots for this period are 16 for Stars vs 5 for Wilds.

3rd period


0:01 of 3rd period - Denis Gurianov wins face-off versus Brandon Sutter in neutral zone.
0:48 of 3rd period - Icing by Drake Batherson.
0:49 of 3rd period - Drake Batherson wins face-off versus Denis Gurianov in Wilds zone.
0:53 of 3rd period - Jason Zucker is hit by Jordan Greenway and loses puck.
1:13 of 3rd period - Icing by Bobby Ryan.
1:14 of 3rd period - Elias Pettersson wins face-off versus Nico Sturm in Wilds zone.
1:17 of 3rd period - Shot by Warren Foegele.
1:17 of 3rd period - Goal by Warren Foegele - Stars : 2 - Wilds : 4.
1:18 of 3rd period - Elias Pettersson wins face-off versus Charles Hudon in neutral zone.
1:27 of 3rd period - Shot by Elias Pettersson.
1:27 of 3rd period - Stopped by Devan Dubnyk without a rebound.
1:28 of 3rd period - Andreas Athanasiou wins face-off versus Jordan Kyrou in Wilds zone.
1:38 of 3rd period - Nick Leddy is hit by Deryk Engelland and loses puck.
1:41 of 3rd period - Shot by Adam Erne.
1:41 of 3rd period - Deflect By Jesper Fast.
1:41 of 3rd period - Shot Hit the Post.
3:09 of 3rd period - Shot by Denis Gurianov.
3:09 of 3rd period - Shot Misses the Net.
3:15 of 3rd period - Shot by Andrei Svechnikov.
3:15 of 3rd period - Shot Misses the Net.
3:17 of 3rd period - Shot by Elias Pettersson.
3:17 of 3rd period - Stopped by Devan Dubnyk with a rebound.
3:42 of 3rd period - Elias Pettersson is hit by Ethan Bear and loses puck.
4:16 of 3rd period - Minor Penalty to Jordie Benn for Holding.
4:17 of 3rd period - Valtteri Filppula wins face-off versus Dylan Larkin in Wilds zone.
5:06 of 3rd period - Shot by Elias Pettersson.
5:06 of 3rd period - Stopped by Devan Dubnyk without a rebound.
5:07 of 3rd period - Charles Hudon wins face-off versus Denis Gurianov in Wilds zone.
5:35 of 3rd period - Shot by Elias Pettersson.
5:35 of 3rd period - Deflect By Andrei Svechnikov.
5:35 of 3rd period - Shot Misses the Net.
6:20 of 3rd period - Shot by Oskar Lindblom.
6:20 of 3rd period - Stopped by Devan Dubnyk without a rebound.
6:21 of 3rd period - Mikko Koivu wins face-off versus Valtteri Filppula in Wilds zone.
6:28 of 3rd period - Shot by Oskar Lindblom.
6:28 of 3rd period - Stopped by Devan Dubnyk without a rebound.
6:29 of 3rd period - Mikko Koivu wins face-off versus Nico Sturm in Wilds zone.
6:29 of 3rd period - Tucker Poolman is hit by Jordie Benn and loses puck.
7:09 of 3rd period - Oskar Lindblom is hit by Jordie Benn and loses puck.
7:20 of 3rd period - Off-side.
7:21 of 3rd period - Jordan Kyrou wins face-off versus Andrei Svechnikov in neutral zone.
7:26 of 3rd period - Shot by Jesper Fast.
7:26 of 3rd period - Stopped by Martin Jones without a rebound.
7:27 of 3rd period - Jesper Fast wins face-off versus Dylan Larkin in Stars zone.
8:33 of 3rd period - Icing by Drake Batherson.
8:34 of 3rd period - Elias Pettersson wins face-off versus Jason Zucker in Wilds zone.
8:38 of 3rd period - Icing by Shayne Gostisbehere.
8:39 of 3rd period - Elias Pettersson wins face-off versus Brandon Sutter in Wilds zone.
8:44 of 3rd period - Shot by Elias Pettersson.
8:44 of 3rd period - Shot Misses the Net.
8:46 of 3rd period - Shot by Elias Pettersson.
8:46 of 3rd period - Stopped by Devan Dubnyk without a rebound.
8:47 of 3rd period - Elias Pettersson wins face-off versus Nico Sturm in Wilds zone.
9:52 of 3rd period - Shot by Nick Leddy.
9:52 of 3rd period - Stopped by Martin Jones with a rebound.
9:54 of 3rd period - Shot by Drake Batherson.
9:54 of 3rd period - Stopped by Martin Jones without a rebound.
9:55 of 3rd period - Dylan Larkin wins face-off versus Valtteri Filppula in Stars zone.
10:00 of 3rd period - Shot by Anthony Angello.
10:00 of 3rd period - Stopped by Martin Jones without a rebound.
10:01 of 3rd period - Dylan Larkin wins face-off versus Jordan Kyrou in Stars zone.
10:14 of 3rd period - Shot by Dylan Larkin.
10:14 of 3rd period - Deflect By Martin Necas.
10:14 of 3rd period - Goal by Martin Necas - Stars : 3 - Wilds : 4.
10:15 of 3rd period - Andreas Athanasiou wins face-off versus Valtteri Filppula in neutral zone.
10:33 of 3rd period - Shot by Jason Robertson.
10:33 of 3rd period - Stopped by Devan Dubnyk without a rebound.
10:34 of 3rd period - Nico Sturm wins face-off versus Elias Pettersson in Wilds zone.
10:34 of 3rd period - Nico Sturm is hit by Denis Gurianov.
10:54 of 3rd period - Andrei Svechnikov is hit by Luca Sbisa and loses puck.
10:58 of 3rd period - Minor Penalty to Luca Sbisa for Holding.
10:59 of 3rd period - Dylan Larkin wins face-off versus Jesper Fast in Wilds zone.
10:59 of 3rd period - Dylan Larkin is hit by Jordie Benn.
11:14 of 3rd period - Off-side.
11:15 of 3rd period - Brandon Sutter wins face-off versus Elias Pettersson in neutral zone.
11:38 of 3rd period - Shot by Alexander Edler.
11:38 of 3rd period - Goal by Alexander Edler - Stars : 4 - Wilds : 4.
11:39 of 3rd period - Valtteri Filppula wins face-off versus Jordan Greenway in neutral zone.
11:55 of 3rd period - Valtteri Filppula is hit by Deryk Engelland and loses puck.
12:05 of 3rd period - Shot by Martin Necas.
12:05 of 3rd period - Deflect By Dylan Larkin.
12:05 of 3rd period - Stopped by Devan Dubnyk without a rebound.
12:06 of 3rd period - Elias Pettersson wins face-off versus Jordan Kyrou in Wilds zone.
12:11 of 3rd period - Shot by Andrei Svechnikov.
12:11 of 3rd period - Shot Blocked by Kevin Shattenkirk.
12:35 of 3rd period - Shot by Jordan Kyrou.
12:35 of 3rd period - Shot Misses the Net.
13:01 of 3rd period - Shot by Jason Zucker.
13:01 of 3rd period - Shot Misses the Net.
13:03 of 3rd period - Shot by Drake Batherson.
13:03 of 3rd period - Stopped by Martin Jones without a rebound.
13:04 of 3rd period - Nico Sturm wins face-off versus Martin Necas in Stars zone.
13:04 of 3rd period - Nico Sturm is hit by Deryk Engelland.
13:07 of 3rd period - Bobby Ryan is hit by Deryk Engelland and loses puck.
13:18 of 3rd period - Shot by Nico Sturm.
13:18 of 3rd period - Shot Misses the Net.
13:20 of 3rd period - Shot by Luca Sbisa.
13:20 of 3rd period - Shot Misses the Net.
13:22 of 3rd period - Shot by Charles Hudon.
13:22 of 3rd period - Stopped by Martin Jones without a rebound.
13:23 of 3rd period - Brandon Sutter wins face-off versus Andreas Athanasiou in Stars zone.
14:31 of 3rd period - Off-side.
14:32 of 3rd period - Jordan Kyrou wins face-off versus Elias Pettersson in neutral zone.
14:32 of 3rd period - Minor Penalty to Denis Gurianov for Holding.
14:33 of 3rd period - Nico Sturm wins face-off versus Jason Robertson in Stars zone.
14:42 of 3rd period - Shot by Shayne Gostisbehere.
14:42 of 3rd period - Stopped by Martin Jones without a rebound.
14:43 of 3rd period - Nico Sturm wins face-off versus Elias Pettersson in Stars zone.
15:00 of 3rd period - Shot by Jordan Kyrou.
15:00 of 3rd period - Stopped by Martin Jones without a rebound.
15:01 of 3rd period - Nico Sturm wins face-off versus Jason Robertson in Stars zone.
15:24 of 3rd period - Shot by Shayne Gostisbehere.
15:24 of 3rd period - Stopped by Martin Jones without a rebound.
15:25 of 3rd period - Elias Pettersson wins face-off versus Brandon Sutter in Stars zone.
15:40 of 3rd period - Shot by Nick Leddy.
15:40 of 3rd period - Stopped by Martin Jones without a rebound.
15:41 of 3rd period - Brandon Sutter wins face-off versus Jason Robertson in Stars zone.
16:54 of 3rd period - Shot by Oskar Lindblom.
16:54 of 3rd period - Shot Blocked by Luca Sbisa.
17:04 of 3rd period - Shot by Oskar Lindblom.
17:04 of 3rd period - Stopped by Devan Dubnyk without a rebound.
17:05 of 3rd period - Jordan Kyrou wins face-off versus Dylan Larkin in Wilds zone.
17:12 of 3rd period - Shot by Jesper Fast.
17:12 of 3rd period - Shot Blocked by Alexander Edler.
17:24 of 3rd period - Adam Erne is hit by Jordan Greenway and loses puck.
17:35 of 3rd period - Shot by Dylan Larkin.
17:35 of 3rd period - Shot Misses the Net.
17:37 of 3rd period - Shot by Ryan Suter.
17:37 of 3rd period - Stopped by Devan Dubnyk without a rebound.
17:38 of 3rd period - Nico Sturm wins face-off versus Andreas Athanasiou in Wilds zone.
17:38 of 3rd period - Charles Hudon is hit by Warren Foegele and loses puck.
17:52 of 3rd period - Icing by Bobby Ryan.
17:53 of 3rd period - Nico Sturm wins face-off versus Andrei Svechnikov in Wilds zone.
17:53 of 3rd period - Nico Sturm is hit by Andrei Svechnikov.
18:02 of 3rd period - Ron Hainsey is hit by Kevin Shattenkirk and loses puck.
18:23 of 3rd period - Shot by Bobby Ryan.
18:23 of 3rd period - Stopped by Martin Jones without a rebound.
18:24 of 3rd period - Dylan Larkin wins face-off versus Valtteri Filppula in Stars zone.
18:24 of 3rd period - Dylan Larkin is hit by Anthony Angello.
18:44 of 3rd period - Icing by Ryan Suter.
18:45 of 3rd period - Dylan Larkin wins face-off versus Jordan Kyrou in Stars zone.
18:49 of 3rd period - Off-side.
18:50 of 3rd period - Bobby Ryan wins face-off versus Jason Robertson in neutral zone.
Goals for this period are 3 for Stars vs 0 for Wilds.
Shots for this period are 13 for Stars vs 11 for Wilds.

Overtime #1


0:01 of 1st overtime period - Drake Batherson wins face-off versus Elias Pettersson in neutral zone.
0:09 of 1st overtime period - Icing by Andrei Svechnikov.
0:10 of 1st overtime period - Elias Pettersson wins face-off versus Drake Batherson in Stars zone.
0:10 of 1st overtime period - Elias Pettersson is hit by Drake Batherson.
0:22 of 1st overtime period - Shot by Jason Zucker.
0:22 of 1st overtime period - Shot Misses the Net.
0:24 of 1st overtime period - Shot by Drake Batherson.
0:24 of 1st overtime period - Shot Misses the Net.
0:28 of 1st overtime period - Shot by Jason Zucker.
0:28 of 1st overtime period - Shot Blocked by Alexander Edler.
0:30 of 1st overtime period - Shot by Jason Zucker.
0:30 of 1st overtime period - Stopped by Martin Jones without a rebound.
0:31 of 1st overtime period - Elias Pettersson wins face-off versus Drake Batherson in Stars zone.
0:40 of 1st overtime period - Shot by Elias Pettersson.
0:40 of 1st overtime period - Stopped by Devan Dubnyk without a rebound.
0:41 of 1st overtime period - Elias Pettersson wins face-off versus Drake Batherson in Wilds zone.
0:42 of 1st overtime period - Shot by Andrei Svechnikov.
0:42 of 1st overtime period - Deflect By Elias Pettersson.
0:42 of 1st overtime period - Stopped by Devan Dubnyk without a rebound.
0:43 of 1st overtime period - Elias Pettersson wins face-off versus Drake Batherson in Wilds zone.
0:44 of 1st overtime period - Shot by Andrei Svechnikov.
0:44 of 1st overtime period - Stopped by Devan Dubnyk with a rebound.
0:55 of 1st overtime period - Off-side.
0:56 of 1st overtime period - Drake Batherson wins face-off versus Elias Pettersson in neutral zone.
1:13 of 1st overtime period - Shot by Andrei Svechnikov.
1:13 of 1st overtime period - Stopped by Devan Dubnyk without a rebound.
1:14 of 1st overtime period - Elias Pettersson wins face-off versus Drake Batherson in Wilds zone.
1:29 of 1st overtime period - Shot by Elias Pettersson.
1:29 of 1st overtime period - Shot Misses the Net.
1:39 of 1st overtime period - Shot by Jason Zucker.
1:39 of 1st overtime period - Shot Misses the Net.
1:41 of 1st overtime period - Shot by Jason Zucker.
1:41 of 1st overtime period - Deflect By Drake Batherson.
1:41 of 1st overtime period - Shot Misses the Net.
1:43 of 1st overtime period - Shot by Drake Batherson.
1:43 of 1st overtime period - Shot Misses the Net.
2:04 of 1st overtime period - Shot by Jordan Kyrou.
2:04 of 1st overtime period - Stopped by Martin Jones without a rebound.
2:05 of 1st overtime period - Brandon Sutter wins face-off versus Jordan Greenway in Stars zone.
2:47 of 1st overtime period - Shot by Jordan Greenway.
2:47 of 1st overtime period - Stopped by Devan Dubnyk with a rebound.
2:49 of 1st overtime period - Shot by Jordan Greenway.
2:49 of 1st overtime period - Stopped by Devan Dubnyk without a rebound.
2:50 of 1st overtime period - Elias Pettersson wins face-off versus Drake Batherson in Wilds zone.
3:11 of 1st overtime period - Shot by Elias Pettersson.
3:11 of 1st overtime period - Shot Blocked by Luca Sbisa.
3:44 of 1st overtime period - Shot by Jesper Fast.
3:44 of 1st overtime period - Shot Misses the Net.
3:56 of 1st overtime period - Shot by Jordan Kyrou.
3:56 of 1st overtime period - Shot Misses the Net.
Goals for this period are 0 for Stars vs 0 for Wilds.
Shots for this period are 6 for Stars vs 2 for Wilds.

ShootOut


5:00 of 1st overtime period - Round #1.
5:00 of 1st overtime period - Stars, Elias Pettersson.
5:00 of 1st overtime period - Stopped by Devan Dubnyk.
5:00 of 1st overtime period - Wilds, Drake Batherson.
5:00 of 1st overtime period - Goal by Drake Batherson.
5:00 of 1st overtime period - Round #2.
5:00 of 1st overtime period - Stars, Andrei Svechnikov.
5:00 of 1st overtime period - Stopped by Devan Dubnyk.
5:00 of 1st overtime period - Wilds, Jason Zucker.
5:00 of 1st overtime period - Stopped by Martin Jones.
5:00 of 1st overtime period - Round #3.
5:00 of 1st overtime period - Stars, Denis Gurianov.
5:00 of 1st overtime period - Shot Misses the Net.